 Dungeon Crawl Stone Soup version 0.25-b1-37-g2669288c55 (webtiles) character file.

Game seed: 7252084523012748038

1619 raph the Sneak (level 8, 0/40 HPs)
             Began as a Spriggan Warper on June 4, 2020.
             Was a Believer of Okawaru.
             Slain by Maggie
             ... wielding a +0 long sword
              (9 damage)
             ... on level 6 of the Dungeon.
             The game lasted 00:20:50 (7372 turns).

raph the Sneak (Spriggan Warper)                    Turns: 7372, Time: 00:20:51

Health: 0/40       AC:  3    Str:  7    XL:     8   Next: 64%
Magic:  11/15      EV: 26    Int: 15    God:    Okawaru [**....]
Gold:   348        SH:  0    Dex: 17    Spells: 3/15 levels left

rFire    . . .     SeeInvis +   a - +4 dagger (elec)
rCold    . . .     Gourm    .   (shield restricted)
rNeg     + . .     Faith    .   i - +0 robe
rPois    .         Spirit   .   y - +0 hat
rElec    .         Reflect  .   g - +0 cloak
rCorr    .         Harm     .   (gloves unavailable)
MR       +....                  (boots unavailable)
Stlth    +++++.....             (no amulet)
HPRegen  0.13/turn              h - ring of positive energy
MPRegen  0.14/turn              (no ring)

@: heroism, stab, very slightly contaminated, very quick
A: very small, unfitting armour, see invisible, herbivore, speed 3, slow
metabolism 2
a: Heroism, Renounce Religion


You were on level 6 of the Dungeon.
You worshipped Okawaru.
Okawaru was pleased with you.
You were hungry.

You visited 1 branch of the dungeon, and saw 6 of its levels.

You collected 473 gold pieces.
You spent 125 gold pieces at shops.

Inventory:

Hand Weapons
 a - a +4 dagger of electrocution (weapon)
 b - a +0 hunting sling
 c - a +0 short sword
 x - a +2 dagger of venom
Missiles
 e - 3 boomerangs of dispersal
 k - 185 stones
 m - 37 sling bullets
 u - 8 curare-tipped darts (quivered)
Armour
 g - a +0 cloak (worn)
 i - a +0 robe (worn)
 y - a +0 hat (worn)
Jewellery
 h - a ring of positive energy (left hand)
 C - a cursed ring of attention {unknown}
Wands
 v - a wand of acid (13)
Scrolls
 d - a scroll of blinking
 j - 2 scrolls of remove curse
 n - 3 scrolls of teleportation
 o - a scroll of amnesia
 q - 3 scrolls of identify
 r - 2 scrolls of immolation
 s - 4 scrolls of magic mapping
 t - a scroll of fog
 A - a scroll of enchant armour {unknown}
 B - a scroll of fear
Potions
 l - 3 potions of might
 p - a potion of heal wounds
 w - a potion of flight
 D - a potion of haste {unknown}
Comestibles
 f - 10 rations


   Skills:
 + Level 3.1(8.1) Fighting
 * Level 7.2(12.2) Short Blades
 - Level 1.0(6.0) Throwing
 + Level 5.7(10.7) Dodging
 + Level 7.3(12.3) Stealth
 + Level 4.2 Spellcasting
 * Level 2.6 Necromancy
 - Level 6.0 Translocations
 + Level 2.9 Invocations


You had 3 spell levels left.
You knew the following spells:

 Your Spells              Type           Power        Failure   Level  Hunger
a - Blink                 Tloc           N/A          2%          2    ##.....
b - Shroud of Golubria    Chrm/Tloc      ##....       8%          2    ##.....
c - Lesser Beckoning      Tloc           ###.......   4%          3    ###....
d - Teleport Other        Tloc           ###.....     4%          3    ###....
e - Animate Skeleton      Necr           N/A          6%          1    None
f - Pain                  Necr           ##..         6%          1    None

Your spell library contained the following spells:

 Spells                   Type           Power        Failure   Level  Hunger
 Gell's Gravitas          Tloc           ###.......   4%          3    ###....
 Vampiric Draining        Necr           ##........   19%         3    ###....
 Passage of Golubria      Tloc           N/A          14%         4    ####...
 Animate Dead             Necr           N/A          52%         4    ####...
 Agony                    Necr           ##......     86%         5    ######.
 Haunt                    Necr/Summ      #.........   100%        7    #######
 Borgnjor's Revivificati  Necr           ##........   100%        8    #######
 Death's Door             Chrm/Necr      #.........   100%        8    #######
 Infestation              Necr           ##........   100%        8    #######
 Necromutation            Tmut/Necr      #.........   100%        8    #######


Dungeon Overview and Level Annotations

Branches:
Dungeon (6/15)             Temple (0/1) D:5

Altars:
Kikubaaqudgha
Makhleb
Nemelex Xobeh
Okawaru
Trog
Wu Jian
Xom
The Shining One

Shops:
D:4 (

Annotations:
D:6 Maggie


Innate Abilities, Weirdness & Mutations

You are very small and have problems with some larger weapons.
You are too small for most types of armour.
You have supernaturally acute eyesight. (SInv)
You are a herbivore.
You cover ground extremely quickly.
You need to consume almost no food.


Message History

You hit Maggie. Lightning courses through Maggie!
Maggie is severely wounded.
Maggie points at you and mumbles some strange words.
The bolt of fire hits you!!
Ouch! That really hurt!
* * * LOW HITPOINT WARNING * * *
You hear a shout!
Casting: Lesser Beckoning (dangerous; 4% risk of failure)
Confirm with . or Enter, or press ? or * to list all spells.
You miscast Shroud of Golubria.
You are very lightly contaminated with residual magic.
Nothing appears to happen.
Maggie completely misses you.
You gain the combat prowess of a mighty hero.
Maggie closely misses you.
You closely miss Maggie.
Maggie is severely wounded.
You barely miss Maggie.
Maggie is severely wounded.
Maggie hits you with a +0 long sword!
You die...

##.......###......#)# ##...
###.........##......).########...
..'.........'....................
###........<##......#########.###
##.......###......# #.#.#
##....>## ###.#### #.#.. #
##...## #.# ##.#.. # ##'## #.#
#..#._ # #.# #@# #..#..
#######.### #@# #..#..
#.......... ##.# #..#.#
#.##.##..####.##.# ##..###
#.#...#..........# #......
g..........# ### #.##.##
#.#g..#..# #.##... #.##.##..#
#.##### #.ggg.(..# #.#


You could see Maggie.

Vanquished Creatures
  Purgy (D:4)
  4 ogres
  A phantom (D:5)
  A sky beast (D:6)
  A centaur (D:6)
  2 howler monkeys (D:5)
  4 crimson imps
  A centaur zombie (D:5)
  A bullfrog zombie (D:6)
  2 hounds
  An orc wizard (D:6)
  2 orc priests
  2 gnoll shamans (D:5)
  A centaur skeleton (D:4)
  3 worker ants
  10 gnolls
  11 adders
  2 shadow imps
  2 oozes (D:3)
  An adder skeleton (D:5)
  An adder zombie (D:6)
  3 worms
  2 dart slugs (D:2)
  6 leopard geckos
  5 orcs
  10 bats
  9 giant cockroaches
  6 goblins
  13 hobgoblins
  7 jackals
  A quokka (D:3)
  2 ball pythons
  4 frilled lizards
  14 kobolds
  12 rats
148 creatures vanquished.

Notes
Turn   | Place    | Note
-------+----------+-------------------------------------------
     0 | D:1      | raph the Spriggan Warper began the quest for the Orb.
     0 | D:1      | Reached XP level 1. HP: 10/10 MP: 5/5
    76 | D:1      | Reached skill level 1 in Stealth
   130 | D:1      | Reached XP level 2. HP: 10/14 MP: 6/6
   576 | D:1      | Learned a level 2 spell: Blink
   579 | D:1      | Learned a level 2 spell: Shroud of Golubria
   853 | D:1      | Reached XP level 3. HP: 18/18 MP: 8/8
  1662 | D:2      | Found a faded altar of an unknown god.
  1737 | D:2      | Reached XP level 4. HP: 22/22 MP: 9/9
  1755 | D:2      | Noticed an ogre
  1763 | D:2      | Killed an ogre
  1763 | D:2      | Reached skill level 5 in Translocations
  1763 | D:2      | Reached XP level 5. HP: 25/25 MP: 10/10
  1771 | D:2      | Learned a level 3 spell: Lesser Beckoning
  1775 | D:2      | Learned a level 3 spell: Teleport Other
  1932 | D:2      | Reached skill level 5 in Stealth
  2530 | D:2      | Found a burning altar of Makhleb.
  3015 | D:3      | Found an iron altar of Okawaru.
  3245 | D:3      | Reached XP level 6. HP: 30/30 MP: 11/11
  3264 | D:3      | Learned a level 1 spell: Animate Skeleton
  3285 | D:3      | Became a worshipper of Warmaster Okawaru
  3770 | D:3      | Found a shimmering altar of Xom.
  3788 | D:3      | Reached skill level 5 in Short Blades
  4172 | D:4      | Reached XP level 7. HP: 34/34 MP: 8/12
  4319 | D:4      | Found a bloodstained altar of Trog.
  4344 | D:4      | Found Pesil's Antique Weapon Emporium.
  4352 | D:4      | Bought a runed dagger for 125 gold pieces
  4769 | D:4      | Noticed Purgy
  4776 | D:4      | Killed Purgy
  4776 | D:4      | Reached * piety under Okawaru
  4776 | D:4      | Reached skill level 1 in Necromancy
  4776 | D:4      | Reached skill level 1 in Invocations
  4901 | D:5      | Entered Level 5 of the Dungeon
  5146 | D:5      | Found a sparkling altar of Nemelex Xobeh.
  5146 | D:5      | Found an ornate altar of the Wu Jian Council.
  5207 | D:5      | Found a staircase to the Ecumenical Temple.
  5229 | D:5      | Identified a scroll of acquirement
  5265 | D:5      | Found an iron altar of Okawaru.
  5473 | D:5      | Reached ** piety under Okawaru
  5533 | D:5      | Reached XP level 8. HP: 36/39 MP: 14/14
  5560 | D:5      | Reached skill level 5 in Dodging
  5969 | D:5      | Found a glowing golden altar of the Shining One.
  6401 | D:6      | Found an ancient bone altar of Kikubaaqudgha.
  6777 | D:6      | Learned a level 1 spell: Pain
  7354 | D:6      | Noticed Maggie
  7372 | D:6      | Slain by Maggie

Illustrated notes

Levels and vault maps discovered:
D:1:      roderic_crop_circles_arrival_small, layout_loops_ring
D:2:      minmay_razor_zed, layout_basic, makhleb_blood_cavern_becter,
          chequers_ecumenical_altar_simple
D:3:      layout_loops_ring, okawaru_metal_pillars_1_2, first_ration,
          led_xom_imps
D:4:      layout_basic, lemuel_coloured_pillars_altar, serial_shops,
          shop_statue, minmay_starry_boxes, uniq_purgy
D:5:      layout_loops_corners, nicolae_tso_swordbearing_angel,
          gammafunk_temple_overflow_wave, minmay_temple_entry_from_below_b,
          basic_altar
D:6:      layout_loops_corners, kiku_gazebo_garden_becter, uniq_maggie

Skill      XL: |  1  2  3  4  5  6  7  8 |
---------------+-------------------------+-----
Stealth        | 1 2 3 4 5 6 7 |  7.3
Spellcasting   | 3 4 |  4.2
Short Blades   | 3 4 5 6 7 |  7.2
Translocations | 5 6 |  6.0
Fighting       | 2 3 |  3.1
Dodging        | 4 5 |  5.7
Necromancy     | 1 2 |  2.6
Invocations    | 2 |  2.9
Throwing       | |  1.0

Action                   |  1- 3 |  4- 6 |  7- 9 || total
-------------------------+-------+-------+-------++-------
Melee: Dagger            |    91 |   173 |   153 ||   417
 Fire: Hunting sling     |    12 |     5 |    12 ||    29
Throw: Boomerang         |     2 |       |       ||     2
       Dart              |       |       |     2 ||     2
 Cast: Lesser Beckoning  |       |     3 |     1 ||     4
       Teleport Other    |       |     2 |       ||     2
       Shroud of Golubri |       |       |     2 ||     2
       Pain              |       |       |     2 ||     2
Invok: Heroism           |       |       |     2 ||     2
  Use: Potion            |     1 |       |     1 ||     2
       Scroll            |       |     7 |     7 ||    14
 Stab: Sleeping          |     7 |    16 |     9 ||    32
       Invisible         |       |     2 |       ||     2
  Eat: Ration            |       |       |     2 ||     2
Armor: Robe              |     8 |    18 |     5 ||    31
Dodge: Dodged            |    63 |   107 |    90 ||   260
